 Dungeon Crawl Stone Soup version 0.27-a0-1301-g128193abf8 (webtiles) character file.

Game seed: 7155946540923546346

470527 Delamore the Warrior (level 25, -6/210 HPs)
             Began as a Formicid Fighter on June 16, 2021.
             Was an Initiate of Gozag.
             Mangled by an acid blob (16 damage)
             ... on level 6 of the Lair of Beasts on June 17, 2021.
             The game lasted 01:19:42 (49265 turns).

Delamore the Warrior (Formicid Fighter)            Turns: 49265, Time: 01:19:42

Health: -6/210     AC: 16    Str: 34    XL:     25   Next: 54%
Magic:  20/20      EV: 15    Int: 13    God:    Gozag
Gold:   2576       SH: 18    Dex: 21    Spells: 24/24 levels left

rFire    + + +     SeeInvis +   C - +9 bardiche of Modesty {vamp, rPois Will- Str+4 SInv}
rCold    + + +     Faith    +   N - +2 shield of Resistance {rF++ rC++ Will++}
rNeg     + . .     Spirit   .   T - +10 plate armour of Panentheism {rPois Dex+6}
rPois    +         Reflect  .   (helmet unavailable)
rElec    .         Harm     .   Q - +2 cloak of the Ecumenical Temple {Str+2 Dex+4}
rCorr    .         Rampage  .   i - +3 pair of gauntlets of War {Slay+5}
Will     ++++.                  G - +2 pair of boots {Fly}
Stlth    ..........             y - amulet "Nelicit" {Faith rN+ Regen+ Dex-2}
HPRegen  1.45/turn              X - +4 ring of slaying
MPRegen  0.17/turn              Y - ring "Hecvoumere" {rF+ rC+ Will+ Dex+3 Stlth+}

@: corroded, unable to read, flying, studying 2 skills
A: permanent stasis, dig shafts and tunnels, antennae 3, four strong arms,
deformed body, deterioration 1, low mp 1, inability to read while threatened
}: 3/15 runes: decaying, silver, gossamer
a: Dig, Shaft Self, Renounce Religion, Potion Petition, Call Merchant, Bribe
Branch


You were on level 6 of the Lair of Beasts.
You worshipped Gozag.
Gozag was most pleased with you.
You visited 9 branches of the dungeon, and saw 41 of its levels.
You also visited: Gauntlet, Wizlab and Desolation.

You collected 24977 gold pieces.
You spent 8883 gold pieces at shops.
You paid 13518 gold pieces to Gozag.

Inventory:

Hand Weapons
 n - the +10 demon trident "Ziwi" {drain, rF+}
   (You acquired it on level 5 of the Dungeon)

   A truly terrible weapon, it drains the life of those it strikes.
   It protects you from fire.
 C - the +9 bardiche of Modesty (weapon) {vamp, rPois Will- Str+4 SInv}
   (You found it on level 3 of the Elven Halls)

   It inflicts no extra harm, but heals its wielder when it wounds a living foe.
   It affects your strength (+4).
   It protects you from poison.
   It lets you see invisible.
   It decreases your willpower.
 R - the +8 Vampire's Tooth {vamp}
   (You found it on level 3 of the Lair of Beasts)

   It inflicts no extra harm, but heals its wielder when it wounds a living foe.
Missiles
 c - 4 boomerangs of dispersal
 j - 44 boomerangs (quivered)
 o - a throwing net
 u - 7 silver boomerangs
 A - 7 javelins
Armour
 i - the +3 pair of gauntlets of War (worn) {Slay+5}
   (You bought it in a shop on level 5 of the Dungeon)

   It affects your accuracy and damage with ranged weapons and melee attacks
   (+5).
 G - a +2 pair of boots of flying (worn)
 N - the +2 shield of Resistance (worn) {rF++ rC++ Will++}
   (You bought it in a shop on level 3 of the Lair of Beasts)

   It greatly protects you from fire.
   It greatly protects you from cold.
   It greatly increases your willpower.
 Q - the +2 cloak of the Ecumenical Temple (worn) {Str+2 Dex+4}
   (You found it in a Gauntlet)

   It affects your strength (+2).
   It affects your dexterity (+4).
 S - the +6 plate armour of Ulodgh Pihos {rElec rPois Str+5 Dex-3}
   (You bought it in a shop on level 3 of the Elven Halls)

   It affects your strength (+5).
   It affects your dexterity (-3).
   It insulates you from electricity.
   It protects you from poison.
 T - the +10 plate armour of Panentheism (worn) {rPois Dex+6}
   (You bought it in a shop on level 4 of the Vaults)

   It affects your dexterity (+6).
   It protects you from poison.
Jewellery
 f - the ring "Pericolo" {Wiz rC+ Will+ Int+7 Dex-3}
   (You acquired it on level 3 of the Dungeon)

   [ring of wizardry]

   It improves your spell success rate.
   It affects your intelligence (+7).
   It affects your dexterity (-3).
   It protects you from cold.
   It increases your willpower.
 m - the ring of Weung {rF+ Will+ rCorr}
   (You acquired it on level 1 of the Lair of Beasts)

   [ring of resist corrosion]

   It protects you from fire.
   It protects you from acid and corrosion.
   It increases your willpower.
 y - the amulet "Nelicit" (around neck) {Faith rN+ Regen+ Dex-2}
   (You bought it in a shop on level 6 of the Dungeon)

   [amulet of faith]

   It allows you to gain divine favour quickly.
   It affects your dexterity (-2).
   It protects you from negative energy.
   It increases your rate of health regeneration.
 z - an amulet of the acrobat
 P - a ring of positive energy
 W - the macabre finger necklace {rN+}
   (You found it on level 6 of the Lair of Beasts)

   [amulet of nothing]

   It enables you to equip an extra ring.
   It protects you from negative energy.
 X - a +4 ring of slaying (left hand)
 Y - the ring "Hecvoumere" (right hand) {rF+ rC+ Will+ Dex+3 Stlth+}
   (You found it on level 3 of the Vaults)

   [ring of willpower]

   It affects your dexterity (+3).
   It protects you from fire.
   It protects you from cold.
   It increases your willpower.
   It makes you more stealthy.
 Z - a +4 ring of slaying
Wands
 b - a wand of iceblast (21)
 F - a wand of charming (11)
 K - a wand of paralysis (14)
 O - a wand of acid (27)
 U - a wand of mindburst (60)
Scrolls
 a - 2 scrolls of holy word
 e - 5 scrolls of enchant armour
 h - 3 scrolls of amnesia
 p - 8 scrolls of enchant weapon
 t - 16 scrolls of identify
 v - 2 scrolls of brand weapon
 w - 6 scrolls of magic mapping
 D - 6 scrolls of fear
 E - 4 scrolls of silence
 I - 6 scrolls of immolation
 J - 15 scrolls of fog
Potions
 d - 6 potions of might
 g - 4 potions of cancellation
 k - a potion of magic
 l - 2 potions of invisibility
 q - a potion of brilliance
 r - 6 potions of heal wounds
 s - 4 potions of ambrosia
 x - 6 potions of resistance
 H - 19 potions of curing
 M - a potion of mutation
Miscellaneous
 B - a tin of tremorstones (2/2)
 L - a condenser vane
 V - a phantom mirror


   Skills:
 - Level 20.0 Fighting
 - Level 15.0 Short Blades
 + Level 14.1 Polearms
 + Level 19.9 Throwing
 - Level 12.8 Armour
 - Level 10.0 Dodging
 - Level 15.0 Shields
 - Level 15.0 Evocations


You had 24 spell levels left.
You didn't know any spells.
Your spell library contained the following spells:

 Spells                   Type           Power      Damage    Failure   Level
 Animate Skeleton         Necr           0%         N/A       83%         1
 Corona                   Hex            0%         N/A       83%         1
 Foxfire                  Conj/Fire      0%         2x1d4     83%         1
 Magic Dart               Conj           0%         1d3       83%         1
 Pain                     Necr           0%         1d4       83%         1
 Sandblast                Erth           0%         2d4       83%         1
 Shock                    Conj/Air       0%         1d3       83%         1
 Sting                    Tmut/Pois      0%         1d3       83%         1
 Summon Small Mammal      Summ           0%         N/A       83%         1
 Call Imp                 Summ           0%         N/A       93%         2
 Corpse Rot               Necr/Air       N/A        N/A       93%         2
 Ensorcelled Hibernation  Hex/Ice        0%         N/A       93%         2
 Passwall                 Tmut/Erth      0%         N/A       93%         2
 Poisonous Vapours        Pois/Air       0%         N/A       93%         2
 Searing Ray              Conj           0%         3d3       93%         2
 Slow                     Hex            0%         N/A       93%         2
 Static Discharge         Conj/Air       0%         N/A       93%         2
 Sublimation of Blood     Necr           0%         N/A       93%         2
 Call Canine Familiar     Summ           0%         N/A       99%         3
 Confusing Touch          Hex            0%         N/A       99%         3
 Conjure Flame            Conj/Fire      0%         6-21      99%         3
 Dazzling Flash           Conj/Hex       0%         N/A       99%         3
 Ignite Poison            Fire/Tmut/Pois 0%         N/A       99%         3
 Inner Flame              Hex/Fire       0%         N/A       99%         3
 Mephitic Cloud           Conj/Pois/Air  0%         N/A       99%         3
 Portal Projectile        Hex/Tloc       0%         N/A       99%         3
 Stone Arrow              Conj/Erth      0%         3d7       99%         3
 Summon Guardian Golem    Hex/Summ       0%         N/A       99%         3
 Teleport Other           Tloc           0%         N/A       99%         3
 Tukima's Dance           Hex            0%         N/A       99%         3
 Vampiric Draining        Necr           0%         2d6       99%         3
 Airstrike                Air            0%         N/A       100%        4
 Animate Armour           Summ/Erth      0%         N/A       100%        4
 Animate Dead             Necr           0%         N/A       100%        4
 Cause Fear               Hex            0%         N/A       100%        4
 Dispel Undead            Necr           0%         3d6       100%        4
 Fulminant Prism          Conj/Hex       0%         3d6       100%        4
 Ice Form                 Ice/Tmut       0%         N/A       100%        4
 Leda's Liquefaction      Hex/Erth       0%         N/A       100%        4
 Olgreb's Toxic Radiance  Pois           0%         N/A       100%        4
 Petrify                  Tmut/Erth      0%         N/A       100%        4
 Sticky Flame             Conj/Fire      0%         2d3       100%        4
 Summon Ice Beast         Ice/Summ       0%         N/A       100%        4
 Summon Lightning Spire   Summ/Air       0%         N/A       100%        4
 Bolt of Magma            Conj/Fire/Erth 0%         4d4       100%        5
 Borgnjor's Vile Clutch   Necr/Erth      0%         N/A       100%        5
 Excruciating Wounds      Necr           0%         N/A       100%        5
 Fireball                 Conj/Fire      0%         3d3       100%        5
 Freezing Cloud           Conj/Ice/Air   0%         6-21      100%        5
 Irradiate                Conj/Tmut      0%         3d13      100%        5
 Iskenderun's Battlesphe  Conj           0%         2d6       100%        5
 Lee's Rapid Deconstruct  Erth           0%         3d5*      100%        5
 Lightning Bolt           Conj/Air       0%         1d11      100%        5
 Silence                  Hex/Air        0%         N/A       100%        5
 Summon Forest            Summ/Tloc      0%         N/A       100%        5
 Yara's Violent Unravell  Hex/Tmut       0%         3d3       100%        5
 Conjure Ball Lightning   Conj/Air       0%         3x3d6     100%        6
 Death Channel            Necr           0%         N/A       100%        6
 Eringya's Noxious Bog    Tmut/Pois      0%         N/A       100%        6
 Iron Shot                Conj/Erth      0%         9d1       100%        6
 Shadow Creatures         Summ           N/A        N/A       100%        6
 Simulacrum               Ice/Necr       0%         N/A       100%        6
 Statue Form              Tmut/Erth      0%         N/A       100%        6
 Haunt                    Necr/Summ      0%         N/A       100%        7
 Malign Gateway           Summ/Tloc      0%         N/A       100%        7
 Monstrous Menagerie      Summ           0%         N/A       100%        7
 Orb of Destruction       Conj           0%         N/A       100%        7
 Ozocubu's Refrigeration  Ice            0%         4d5       100%        7
 Spellforged Servitor     Conj/Summ      0%         N/A       100%        7
 Summon Hydra             Summ           0%         N/A       100%        7
 Discord                  Hex            0%         N/A       100%        8
 Ignition                 Fire           0%         3d3       100%        8
 Summon Horrible Things   Summ           0%         N/A       100%        8
 Polar Vortex             Ice            0%         N/A       100%        9
 Shatter                  Erth           0%         3d5*      100%        9
 Swiftness                Air            Unusable   N/A       N/A         3

Dungeon Overview and Level Annotations

Branches:
Dungeon (15/15)            Temple (1/1) D:5            Lair (6/6) D:11
  Swamp (4/4) Lair:3       Spider (4/4) Lair:3        Slime (1/5) Lair:6
    Orc (2/2) D:9             Elf (3/3) Orc:2        Vaults (5/5) D:13
  Crypt (0/3) Vaults:2     Depths (0/5) D:15         WizLab (visited)
Desolation (visited)      Gauntlet (visited)

Altars:
Ashenzari
Cheibriados
Dithmenos
Elyvilon
Fedhas
Gozag
Hepliaklqana
Kikubaaqudgha
Makhleb
Nemelex Xobeh
Okawaru
Qazlal
Ru
Sif Muna
Trog
Uskayaw
Vehumet
Wu Jian
Xom
Yredelemnul
Zin
The Shining One
Beogh

Shops:
D:5 [   D:6 *?   D:11 ?   D:12 =   D:13 ?   D:15 [   Orc:2 =[*(   Elf:2 !
Elf:3 [   Lair:3 =[?!   Vaults:4 [   Vaults:5 [![!


Innate Abilities, Weirdness & Mutations

You cannot be hasted, slowed, berserked, paralysed or teleported.
You can dig through walls and to a lower floor.
You have a pair of large antennae on your head. (SInv)
Your four strong arms can wield two-handed weapons with a shield.
Armour fits poorly on your strangely shaped body.
Your body sometimes deteriorates upon taking damage.
Your magical capacity is low. (-10% MP)
You sometimes lose the ability to read scrolls when taking damage.


Message History

The splash of acid hits you. The acid corrodes you!
You are splashed with acid!
You block the rockslime's attack.
The acid blob hits you but does no damage.
The acid blob closely misses you. The rockslime hits you!!
* * * LOW HITPOINT WARNING * * *
You hold your ground!
You block the quicksilver ooze's attack.
The quicksilver ooze hits you but does no damage.
The quicksilver ooze closely misses you.
You block the quicksilver ooze's attack.
You block the quicksilver ooze's attack. x2
You block the acid blob's attack.
There is a staircase back to the Lair, spattered with blood here.
The acid blob closely misses you. x2
You fly upwards.
Welcome back to the Lair of Beasts!
Beware, you cannot shaft yourself on this level.
There is a staircase to the Slime Pits here.
You slash the acid blob!
Your hands burn!
* * * LOW HITPOINT WARNING * * *
The acid blob is lightly wounded.
You block the acid blob's attack. The rockslime hits you!!
* * * LOW HITPOINT WARNING * * *
You hold your ground!
You block the acid blob's attack. The acid blob spits acid at you.
The splash of acid hits you.
* * * LOW HITPOINT WARNING * * *
The acid corrodes you!
You are splashed with acid!
* * * LOW HITPOINT WARNING * * *
The rockslime hits you!
* * * LOW HITPOINT WARNING * * *
You hold your ground!
You block the acid blob's attack.
You feel much better. The acid blob spits acid at you.
The splash of acid hits you!
* * * LOW HITPOINT WARNING * * *
You are splashed with acid!
* * * LOW HITPOINT WARNING * * *
The rockslime misses you. The acid blob hits you!
You die...
Your body crumbles into a pile of gold.

...........#P..#
..........P....########
...................##.##
.......................#
............#.#........##
...#........##....###..(#
..###.......###....#...##
.....##..........J......#
....####.......J@.......#
....<###.......J.......##
.#P....[#...##....###..##
.......#....###....##...#
..##...####........##..#### #####
.####...###...............###..#.
### #....#.##............###.....
[.# #.....####..[...........#....
..#####..###..............P#.....


You could see 2 acid blobs and a rockslime.

Vanquished Creatures
  3 ancient liches (Vaults:5)
  5 tentacled monstrosities
  Rupert (D:14)
  4 deep elf blademasters
  A titan (Vaults:5)
  A deep elf master archer (Elf:3)
  2 thorn hunters
  4 sphinxes
  Agnes (D:14)
  The ghost of Qyditak the Destroyer, an adept DrCj of Vehumet (Spider:3)
  2 shadow dragons (Vaults:5)
  4 tengu reavers
  2 storm dragons (Vaults:5)
  A fenstrider witch (Swamp:3)
  A revenant (Vaults:2)
  An azure jelly (Slime:1)
  9 deep elf sorcerers
  8 emperor scorpions
  5 orc warlords
  7 vault wardens
  An iron dragon (Vaults:5)
  A frost giant (Vaults:5)
  3 ghost moths (Spider:4)
  3 imperial myrmidons (Desolation)
  A ghoul (Swamp:1)
  8 deep elf elementalists (Elf:3)
  Louise (Swamp:1)
  14 ironbound preservers
  2 quicksilver oozes (Slime:1)
  4 stone giants
  3 very ugly things
  A war gargoyle (Vaults:5)
  4 deep elf demonologists
  4 entropy weavers
  2 halazid warlocks (Desolation)
  2 dire elephants (Vaults:2)
  A minotaur (Gauntlet)
  5 bunyips
  An orange crystal statue (WizLab)
  2 spark wasps (Spider:4)
  6 deep elf annihilators (Elf:3)
  Snorg (D:13)
  An eidolon (Vaults:2)
  10 eleionomae
  4 ettins
  6 fire dragons (Elf:2)
  4 deep elf death magi
  11 yaktaur captains
  6 deep elf high priests
  2 shambling mangroves
  The ghost of Delamore the Impaler, a journeyman FoFi of Gozag (Lair:3)
  Josephine (Orc:2)
  A crystal guardian (Desolation)
  9 ironbound thunderhulks
  12 ragged hierophants (Desolation)
  2 great orbs of eyes
  28 hydras
  7 vault guards
  6 servants of whispers (Desolation)
  10 boulder beetles
  18 alligators
  A ghost crab (Swamp:2)
  11 ironbound frosthearts
  An ogre mage (Vaults:5)
  11 peacekeepers
  10 centaur warriors
  3 death yaks (Lair:5)
  The ghost of Lonelite the Thaumaturge, a journeyman DECj of Kikubaaqudgha (Lair:3)
  2 two-headed ogres
  The ghost of Ginteh the Tainter, a journeyman OpVM of Sif Muna (D:13)
  The ghost of Bapho the Martial Artist, a novice GnTm of Ashenzari (Orc:1)
  3 ironbound beastmasters
  A tengu warrior (D:15)
  2 orc high priests (Orc:2)
  Sonja (D:13)
  20 deep elf knights
  Nergalle (Orc:2)
  A shadow wraith (Vaults:5)
  2 goliath frogs (Swamp:1)
  A soul eater (Gauntlet)
  A fire crab (shapeshifter) (Vaults:5)
  36 deep trolls
  3 glowing orange brains
  5 spriggan druids
  4 skeletal warriors (D:15)
  17 deep elf archers
  9 lindwurms
  9 swamp dragons
  13 bog bodies
  14 orc knights
  19 orb spiders
  11 wizards
  16 ironbound convokers
  29 ugly things
  33 deep elf zephyrmancers
  5 harpies
  3 necromancers
  34 deep elf pyromancers
  5 orc sorcerers
  4 phantasmal warriors
  27 wolf spiders
  A frost giant zombie (Vaults:3)
  3 oklob plants
  6 cyclopes
  2 moths of wrath
  6 manticores (Elf:2)
  A salamander (shapeshifter) (Vaults:5)
  5 centaur zombies
  4 will-o-the-wisps
  16 elephants
  Maurice (D:13)
  3 guardian serpents (Desolation)
  A torpor snail (Spider:3)
  6 black mambas
  9 vault sentinels
  2 gargoyles
  A smoke demon (Gauntlet)
  An elf skeleton (Vaults:3)
  An unseen horror (D:10)
  Psyche (D:9)
  15 cane toads
  3 rime drakes
  2 tengu conjurers (D:14)
  7 demonic crawlers
  3 efreet
  8 komodo dragons
  12 yaktaurs
  A red devil (Gauntlet)
  A hydra zombie (D:11)
  24 jumping spiders
  A bloated husk (Swamp:1)
  8 polar bears
  7 trolls
  11 tyrant leeches
  3 blink frogs (Lair:6)
  55 saltlings (Desolation)
  9 hornets
  15 dream sheep
  2 meliai zombies
  14 slime creatures
  A shadow (D:9)
  A vampire (D:12)
  4 air elementals
  27 tarantellas
  3 redbacks (shapeshifter) (Vaults:5)
  19 spriggans
  48 redbacks
  24 yaks
  Sigmund (D:2)
  8 wraiths
  3 wyverns
  5 fire elementals
  7 basilisks
  16 vampire mosquitoes
  Edmund (D:5)
  7 wargs
  A human simulacrum (Vaults:2)
  2 tengu zombies
  A harpy simulacrum (D:15)
  17 swamp worms
  11 water moccasins
  3 acid dragons
  7 hell hounds
  A cane toad zombie (Lair:3)
  3 human skeletons
  5 black bears
  14 swamp drakes
  24 orc warriors
  13 ogres
  A sky beast (D:6)
  4 necrophages
  A blink frog zombie (Lair:1)
  An ice beast (D:6)
  10 boggarts
  2 elf zombies
  An orc skeleton (D:11)
  A manticore zombie (D:11)
  7 centaurs
  A manticore skeleton (D:9)
  26 wolves
  A phantom (D:6)
  8 kobold brigands
  A komodo dragon zombie (Lair:2)
  14 bullfrogs
  An earth elemental (Elf:3)
  A wyvern zombie (D:6)
  13 scorpions
  2 water moccasin zombies (Lair:1)
  2 cyclops zombies
  4 wights (D:8)
  10 killer bees
  4 electric eels
  3 crimson imps (Gauntlet)
  2 bullfrog zombies
  A bullfrog skeleton (Lair:2)
  4 hounds
  13 jellies
  19 orc priests
  5 centaur skeletons
  15 orc wizards
  2 scorpion zombies
  Terence (D:2)
  Natasha (thrice) (D:2)
  3 iguanas
  A killer bee zombie (D:7)
  An ogre zombie (D:9)
  An ogre skeleton (D:10)
  4 howler monkey zombies
  3 gnolls (D:3)
  A howler monkey skeleton (D:6)
  An orc zombie (D:6)
  3 adders
  4 shadow imps
  5 white imps
  An ufetubus (D:7)
  2 worm zombies
  3 adder zombies
  2 adder skeletons (D:4)
  An iguana skeleton (D:9)
  7 worms
  4 dart slugs
  45 orcs
  23 endoplasms
  4 giant cockroaches
  5 goblins
  4 hobgoblins
  3 jackals (D:2)
  2 quokkas
  5 ball pythons
  2 ball python skeletons (D:11)
  A ball python zombie (D:9)
  5 bats
  3 frilled lizards
  A frilled lizard skeleton (D:10)
  A hobgoblin zombie (D:7)
  A jackal skeleton (D:10)
  38 kobolds
  2 kobold zombies
  A quokka zombie (D:6)
  7 rats
  A rat zombie (D:10)
1576 creatures vanquished.

Vanquished Creatures (collateral kills)
  the Lernaean hydra (Swamp:4)
  A storm dragon (Vaults:5)
  A vault warden (Vaults:5)
  6 vault guards (Vaults:5)
  A two-headed ogre (shapeshifter) (Vaults:5)
  A swamp dragon (Swamp:4)
  A phantasmal warrior (Vaults:5)
  3 harpies (Vaults:5)
  An orc priest (Orc:1)
  5 orcs (Orc:1)
21 creatures vanquished.

Vanquished Creatures (others)
  An ancient lich (Vaults:5)
  2 liches (Vaults:5)
  A titan (Vaults:5)
  A sphinx (Vaults:5)
  3 vault wardens (Vaults:5)
  3 ironbound preservers (Vaults:5)
  6 stone giants (Vaults:5)
  A war gargoyle (Vaults:5)
  An ettin (Vaults:5)
  4 deep elf high priests (Vaults:5)
  15 vault guards (Vaults:5)
  5 yaktaur captains (Vaults:5)
  An ogre mage (Vaults:5)
  38 dancing weapons
  2 deep elf knights
  An orc knight (Vaults:5)
  4 deep trolls (Vaults:5)
  A phantasmal warrior (Vaults:5)
  An ironbound convoker (Vaults:5)
  A harpy (Vaults:5)
  A deep elf zephyrmancer (Elf:2)
  A faun (shapeshifter) (Vaults:5)
  A guardian serpent (Desolation)
  2 vault sentinels (Vaults:5)
  6 yaktaurs (Vaults:5)
  A swamp drake (Swamp:4)
  A necrophage (Swamp:1)
  2 orc wizards (Vaults:5)
  3 orcs
  12 foxfires
  35 fungi
  16 plants
  7 toadstools (D:5)
180 creatures vanquished.

Grand Total: 1777 creatures vanquished

Notes
Turn   | Place    | Note
-------+----------+-------------------------------------------
     0 | D:1      | Delamore the Formicid Fighter began the quest for the Orb.
     0 | D:1      | Reached XP level 1. HP: 18/18 MP: 1/1
    83 | D:1      | Reached XP level 2. HP: 20/24 MP: 2/2
   337 | D:1      | Found a faded altar of an unknown god.
   346 | D:1      | Became a worshipper of Kikubaaqudgha
   346 | D:1      | Reached * piety under Kikubaaqudgha
   346 | D:1      | Identified Kikubaaqudgha's Handbook of Evil Magic
                  | (Kikubaaqudgha gifted it to you on level 1 of the Dungeon)
   346 | D:1      | Received a gift from Kikubaaqudgha
   584 | D:2      | Reached XP level 3. HP: 16/30 MP: 3/3
   735 | D:2      | Noticed Natasha
   740 | D:2      | Killed Natasha
   741 | D:2      | Reached XP level 4. HP: 37/37 MP: 4/4
   744 | D:2      | Reached skill level 4 in Fighting
   963 | D:2      | Noticed Terence
   980 | D:2      | Killed Terence
   996 | D:2      | Reached ** piety under Kikubaaqudgha
  1216 | D:2      | Reached XP level 5. HP: 42/42 MP: 5/5
  1325 | D:2      | Noticed Natasha
  1330 | D:2      | Killed Natasha
  1473 | D:2      | Noticed Sigmund
  1496 | D:2      | Killed Sigmund
  1497 | D:2      | Reached skill level 5 in Fighting
  1497 | D:2      | Reached skill level 5 in Polearms
  1497 | D:2      | Reached XP level 6. HP: 21/51 MP: 6/6
  1519 | D:2      | Noticed Natasha
  1528 | D:2      | Killed Natasha
  2315 | D:3      | Identified 3 scrolls of acquirement
  2315 | D:3      | Acquired a +2 pair of gloves of archery
  2317 | D:3      | Acquired 814 gold pieces
  2319 | D:3      | Acquired the ring "Pericolo" {Wiz rC+ Will+ Int+7 Dex-3}
  2511 | D:3      | Reached XP level 7. HP: 51/56 MP: 7/7
  3035 | D:4      | Reached skill level 1 in Throwing
  3282 | D:4      | Reached *** piety under Kikubaaqudgha
  3282 | D:4      | Identified Kikubaaqudgha's Reference Book on Darkness
                  | (Kikubaaqudgha gifted it to you on level 4 of the Dungeon)
  3282 | D:4      | Received a gift from Kikubaaqudgha
  3951 | D:5      | Entered Level 5 of the Dungeon
  3981 | D:4      | Reached XP level 8. HP: 15/62 MP: 8/8
  5357 | D:5      | Acquired the +10 demon trident "Ziwi" {drain, rF+}
  5789 | D:5      | Found a staircase to the Ecumenical Temple.
  5804 | Temple   | Entered the Ecumenical Temple
  5914 | Temple   | Fell from the grace of Kikubaaqudgha
  5914 | Temple   | Became a worshipper of Gozag Ym Sagoz the Greedy
  5939 | D:5      | Bought a faintly humming chain mail for 323 gold pieces
  5939 | D:5      | Identified the +0 chain mail of Tempters {Rampage rPois rF+
                  | Int-4} (You bought it in a shop on level 5 of the Dungeon)
  5987 | D:5      | Noticed Edmund
  5993 | D:5      | Killed Edmund
  5994 | D:5      | Reached XP level 9. HP: 64/68 MP: 9/9
  6120 | D:5      | Noticed a slime creature
  6124 | D:5      | Noticed a slime creature
  6128 | D:5      | Killed a slime creature
  6133 | D:5      | Killed a slime creature
  6134 | D:5      | Reached skill level 10 in Polearms
  6134 | D:5      | Reached skill level 5 in Throwing
  6865 | D:6      | Found a sparkling altar of Nemelex Xobeh.
  6992 | D:6      | Found Funoapo's Magic Scroll Emporium.
  6996 | D:6      | Found Juacuira's Assorted Antiques.
  7014 | D:6      | Bought a scroll labelled UMEIHA TIWUNG for 31 gold pieces
  7014 | D:6      | Bought a pink potion for 27 gold pieces
  7014 | D:6      | Bought 2 pink potions for 55 gold pieces
  7014 | D:6      | Bought a metallic grey potion for 27 gold pieces
  7014 | D:6      | Bought a clouded golden amulet for 155 gold pieces
  7014 | D:6      | Identified the amulet "Nelicit" {Faith rN+ Regen+ Dex-2}
                  | (You bought it in a shop on level 6 of the Dungeon)
  7030 | D:6      | Reached XP level 10. HP: 74/74 MP: 10/10
  7449 | D:6      | Found a basalt altar of Yredelemnul.
  7449 | D:6      | Found an iron altar of Okawaru.
  8979 | D:8      | Noticed a moth of wrath
  8982 | D:8      | Found a bloodstained altar of Trog.
  8992 | D:8      | Killed a moth of wrath
  9079 | D:8      | Found an ancient bone altar of Kikubaaqudgha.
  9079 | D:8      | Found a shimmering blue altar of Sif Muna.
  9372 | D:9      | Reached XP level 11. HP: 79/79 MP: 11/11
  9696 | D:9      | Found a staircase to the Orcish Mines.
  9775 | D:9      | Noticed Psyche
  9784 | D:9      | Killed Psyche
 10023 | D:10     | Entered Level 10 of the Dungeon
 10070 | D:10     | Reached skill level 5 in Shields
 10107 | D:10     | Reached skill level 5 in Armour
 10698 | D:10     | Noticed a two-headed ogre
 10705 | D:10     | Killed a two-headed ogre
 10806 | D:11     | Found a gate leading to a gauntlet.
 10842 | Gauntlet | Entered a Gauntlet
 10842 | Gauntlet | Found a transporter.
 10850 | Gauntlet | Found a transporter.
 10853 | Gauntlet | Found a transporter.
 10854 | Gauntlet | Found a transporter.
 10861 | Gauntlet | Noticed a soul eater
 10863 | Gauntlet | Found a transporter.
 10865 | Gauntlet | Found a transporter.
 10866 | Gauntlet | Found a transporter.
 10874 | Gauntlet | Found a transporter.
 10877 | Gauntlet | Found a transporter.
 10878 | Gauntlet | Found a transporter.
 10889 | Gauntlet | Found a transporter.
 10890 | Gauntlet | Found a transporter.
 10894 | Gauntlet | Found a transporter.
 10901 | Gauntlet | Found a transporter.
 10923 | Gauntlet | Noticed a cacodemon
 11009 | Gauntlet | Identified the +2 cloak of the Ecumenical Temple {Str+2
                  | Dex+4}
 11049 | Gauntlet | Killed a soul eater
 11112 | Gauntlet | Reached XP level 12. HP: 32/86 MP: 12/12
 11179 | Gauntlet | Noticed a minotaur
 11180 | Gauntlet | Found the +6 lightning scales {swift rElec}
 11206 | Gauntlet | Killed a minotaur
 11247 | Gauntlet | Identified the +2 whip of Powerful Reinforcement {protect,
                  | Drain Str+3 Int+2}
 11563 | D:11     | Found a staircase to the Lair.
 11749 | D:11     | Found a blossoming altar of Fedhas.
 11805 | D:11     | Reached skill level 6 in Fighting
 11996 | D:12     | Found Moobay's Jewellery Boutique.
 12126 | D:12     | Acquired 887 gold pieces
 12366 | D:5      | Bought the +3 pair of gauntlets of War {Slay+5} for 1615
                  | gold pieces
 12366 | D:5      | Found the +3 pair of gauntlets of War {Slay+5}
 12366 | D:5      | Bought a slimy chain mail for 323 gold pieces
 12366 | D:5      | Identified the +6 chain mail of Qoerente {Will++} (You
                  | bought it in a shop on level 5 of the Dungeon)
 12551 | Lair:1   | Entered Level 1 of the Lair of Beasts
 12809 | Lair:1   | Reached skill level 7 in Fighting
 12916 | Lair:1   | Noticed a seven-headed hydra
 12922 | Lair:1   | Killed a seven-headed hydra
 12923 | Lair:1   | Reached skill level 10 in Armour
 12925 | Lair:1   | Acquired the ring of Weung {rF+ Will+ rCorr}
 13256 | Lair:2   | Reached skill level 8 in Fighting
 13445 | Lair:2   | Reached skill level 9 in Fighting
 13813 | Lair:2   | You fall into a shaft and drop 2 floors!
 13874 | Lair:3   | Reached skill level 10 in Fighting
 14020 | Lair:3   | Reached XP level 13. HP: 87/104 MP: 13/13
 14033 | Lair:3   | Reached skill level 11 in Fighting
 14066 | Lair:3   | Found a staircase to the Swamp.
 14125 | Lair:3   | Found a transporter.
 14136 | Lair:3   | Noticed Lonelite's ghost (journeyman DECj)
 14140 | Lair:3   | Noticed Delamore's ghost (journeyman FoFi)
 14145 | Lair:3   | Found a transporter.
 14149 | Lair:3   | Found the +8 Vampire's Tooth {vamp}
 14300 | Lair:3   | Found a hole to the Spider Nest.
 14300 | Lair:3   | Noticed a boulder beetle
 14304 | Lair:3   | Killed a boulder beetle
 14305 | Lair:3   | Reached skill level 12 in Fighting
 14872 | Lair:3   | Was forgiven by Kikubaaqudgha
 15791 | Lair:4   | Reached skill level 13 in Fighting
 16383 | Lair:3   | Bought the +2 shield of Resistance {rF++ rC++ Will++} for
                  | 649 gold pieces
 16383 | Lair:3   | Found the +2 shield of Resistance {rF++ rC++ Will++}
 16413 | Lair:3   | Killed Delamore's ghost
 16444 | Lair:3   | Killed Lonelite's ghost
 16504 | Lair:3   | Reached skill level 14 in Fighting
 16928 | Lair:5   | Reached XP level 14. HP: 103/121 MP: 14/14
 16951 | Lair:5   | Reached skill level 15 in Fighting
 17003 | Lair:5   | Reached skill level 1 in Dodging
 17586 | Lair:6   | Entered Level 6 of the Lair of Beasts
 17988 | Lair:6   | Reached skill level 5 in Dodging
 18113 | Lair:6   | Reached skill level 10 in Shields
 18113 | Lair:6   | Found a staircase to the Slime Pits.
 18142 | Lair:6   | Reached XP level 15. HP: 125/129 MP: 15/15
 18624 | Lair:6   | Found the macabre finger necklace {rN+}
 18812 | D:11     | Bought a scroll of fear for 63 gold pieces
 18812 | D:11     | Bought a scroll of magic mapping for 63 gold pieces
 18872 | Orc:1    | Entered Level 1 of the Orcish Mines
 18872 | Orc:1    | Noticed an orc warlord
 18913 | D:9      | Killed an orc warlord
 19052 | Orc:1    | Found a runed translucent door.
 19164 | Orc:1    | You fall into a shaft and drop 1 floor!
 19164 | Orc:2    | Entered Level 2 of the Orcish Mines
 19192 | Orc:2    | Found a staircase to the Elven Halls.
 19281 | Orc:1    | Found a shimmering altar of Xom.
 19281 | Orc:1    | Noticed Bapho's ghost (novice GnTm)
 19601 | Orc:1    | Killed Bapho's ghost
 19699 | Orc:2    | Noticed Josephine
 19720 | Orc:2    | Killed Josephine
 19754 | Orc:2    | Noticed Nergalle
 19758 | Orc:2    | Noticed an orc warlord
 19823 | Orc:2    | Killed an orc warlord
 19829 | Orc:2    | Killed Nergalle
 19830 | Orc:2    | Reached skill level 1 in Short Blades
 20042 | Orc:2    | Reached skill level 10 in Throwing
 20116 | Orc:2    | Found Xaec's Antique Armour Shoppe.
 20208 | Orc:2    | Found Ujaip's General Store.
 20215 | Orc:2    | Bought a +0 pair of boots for 63 gold pieces
 20654 | Orc:2    | Found Epsumul's Antique Weapon Shoppe.
 20669 | Orc:2    | Found Fodo's Jewellery Shoppe.
 20963 | Swamp:1  | Entered Level 1 of the Swamp
 20973 | Lair:3   | Bought a scroll of acquirement for 780 gold pieces
 20973 | Lair:3   | Acquired 410 gold pieces
 20983 | Lair:3   | Bought a potion of heal wounds for 70 gold pieces
 20983 | Lair:3   | Bought a potion of curing for 42 gold pieces
 21231 | Swamp:1  | Reached XP level 16. HP: 136/136 MP: 16/16
 21659 | Swamp:1  | Noticed Louise
 21674 | Swamp:1  | Killed Louise
 21675 | Swamp:1  | Reached skill level 5 in Short Blades
 22791 | Swamp:3  | Noticed a fenstrider witch
 22809 | Swamp:3  | Killed a fenstrider witch
 23244 | Swamp:3  | Noticed a tentacled monstrosity
 23259 | Swamp:3  | Killed a tentacled monstrosity
 23260 | Swamp:3  | Reached XP level 17. HP: 112/142 MP: 17/17
 23518 | Swamp:4  | Entered Level 4 of the Swamp
 23641 | Swamp:4  | Noticed a thorn hunter
 23733 | Swamp:3  | Killed a thorn hunter
 23741 | Swamp:4  | Noticed a thorn hunter
 23931 | Swamp:4  | Killed a thorn hunter
 24088 | Swamp:4  | Reached skill level 10 in Dodging
 24416 | Swamp:4  | Noticed the 27-headed Lernaean hydra
 24422 | Swamp:4  | Killed the 27-headed Lernaean hydra
 24852 | Swamp:4  | Got a decaying rune of Zot
 25228 | Spider:1 | Entered Level 1 of the Spider Nest
 25356 | D:12     | Bought a ring of poison resistance for 220 gold pieces
 25591 | D:12     | Identified the +5 trident of Honour {drain, rCorr Str-5
                  | Dex+5}
 25928 | D:12     | Reached skill level 15 in Shields
 26119 | D:13     | Identified the +8 flail of Demonkind {holy, rPois rCorr
                  | Str+8 Dex-5}
 26234 | D:13     | Found a gate to the Vaults.
 26397 | D:13     | Found a runed translucent door.
 26397 | D:13     | Noticed Ginteh's ghost (journeyman OpVM)
 26415 | D:13     | Killed Ginteh's ghost
 26490 | D:13     | Reached XP level 18. HP: 149/149 MP: 18/18
 26511 | D:13     | Noticed Snorg
 26521 | D:13     | Killed Snorg
 26563 | D:13     | Noticed Sonja
 26571 | D:13     | Killed Sonja
 26625 | D:13     | Noticed Maurice
 26631 | D:13     | Killed Maurice
 26900 | D:14     | Found a sacrificial altar of Ru.
 26902 | D:14     | Noticed Agnes
 26910 | D:14     | Killed Agnes
 27026 | D:14     | Identified the +4 short sword "Wuyrreir" {venom, Int+3}
 27109 | D:14     | Noticed Rupert
 27139 | D:14     | Killed Rupert
 27288 | D:14     | Identified the +2 pair of gloves "Zibehiuk" {rF+ Str-2
                  | Dex+4}
 27517 | D:15     | Entered Level 15 of the Dungeon
 27753 | D:15     | Found a staircase to the Depths.
 28144 | D:15     | Bought a +2 pair of boots of flying for 344 gold pieces
 28422 | Spider:1 | Reached skill level 15 in Throwing
 28452 | Spider:1 | Reached skill level 1 in Evocations
 30276 | Spider:3 | Found a runed translucent gate.
 30290 | Spider:3 | Found a runed translucent gate.
 30292 | Spider:3 | Found a runed translucent gate.
 30297 | Spider:3 | Noticed Qyditak's ghost (adept DrCj)
 30363 | Spider:3 | Killed Qyditak's ghost
 30523 | Spider:3 | Reached XP level 19. HP: 155/155 MP: 19/19
 30710 | Spider:3 | Reached skill level 5 in Evocations
 31244 | Spider:4 | Entered Level 4 of the Spider Nest
 31573 | Spider:4 | Reached skill level 10 in Short Blades
 32316 | Spider:4 | Got a gossamer rune of Zot
 32879 | D:12     | Bought a +4 ring of slaying for 858 gold pieces
 32938 | Vaults:1 | Entered Level 1 of the Vaults
 33552 | Vaults:1 | Reached XP level 20. HP: 152/162 MP: 20/20
 34182 | Vaults:1 | Reached skill level 10 in Evocations
 34966 | Vaults:2 | Found a magical portal.
 34975 | WizLab   | Entered Wucad Mu's Monastery
 36196 | WizLab   | Found the +9 staff of Wucad Mu {*channel}
 36275 | WizLab   | Reached XP level 21. HP: 85/168 MP: 21/21
 37398 | Vaults:2 | Found a staircase to the Crypt.
 37918 | Vaults:2 | Reached XP level 22. HP: 175/175 MP: 22/22
 38107 | Vaults:3 | Found a ruined gateway.
 38148 | Desolati | Entered the Desolation of Salt
 38392 | Desolati | Identified the +0 chain mail of Peinucoc {*Corrode rPois
                  | Int+3}
 38994 | Desolati | Identified the Almanac of the Unstable Entourage
 39007 | Desolati | Identified the +1 chain mail of the Valley {Str+4 Stlth+}
 39058 | Desolati | Reached skill level 15 in Short Blades
 39086 | Desolati | Identified the ring of Huaz {+Blink rElec rCorr}
 39088 | Desolati | Identified the Catalogue of the Frostbite and Conjuration
 39092 | Desolati | Identified the +3 chain mail of Soelutu {-Cast +Blink +Inv
                  | rN+++}
 39100 | Desolati | Identified the Grimoire of Burning Attacks
 39935 | Vaults:3 | Reached skill level 15 in Evocations
 40152 | Vaults:3 | Identified the ring "Hecvoumere" {rF+ rC+ Will+ Dex+3
                  | Stlth+}
 41019 | Vaults:3 | Reached XP level 23. HP: 183/183 MP: 23/23
 41395 | Vaults:4 | Reached skill level 16 in Fighting
 41556 | Vaults:4 | Identified the +11 dagger of Ointment {vorpal, rElec Will-
                  | Int+6 Dex+4}
 41877 | Vaults:4 | Found Reong's Antique Armour Shop.
 41885 | Vaults:4 | Bought a bloodstained plate armour for 980 gold pieces
 41885 | Vaults:4 | Identified the +10 plate armour of Panentheism {rPois
                  | Dex+6} (You bought it in a shop on level 4 of the Vaults)
 42265 | Vaults:5 | Entered Level 5 of the Vaults
 42781 | Vaults:5 | Noticed an ancient lich
 42866 | Vaults:5 | Identified the +1 quarterstaff "Unafuug" {drain, Dex+4}
 42871 | Vaults:5 | Found Cewkadgh's Distillery.
 42886 | Vaults:5 | Bought 2 potions of heal wounds for 140 gold pieces
 42886 | Vaults:5 | Bought a potion of heal wounds for 70 gold pieces
 42886 | Vaults:5 | Bought a potion of heal wounds for 70 gold pieces
 42886 | Vaults:5 | Bought a potion of curing for 42 gold pieces
 42886 | Vaults:5 | Bought a potion of mutation for 112 gold pieces
 42946 | Vaults:5 | Noticed an ancient lich
 42983 | Vaults:5 | Noticed an ancient lich
 43020 | Vaults:5 | Reached skill level 17 in Fighting
 43025 | Vaults:5 | HP: 3/187 [war gargoyle/spray of metal splinters (56)]
 43235 | Vaults:5 | Killed an ancient lich
 43259 | Vaults:5 | Killed an ancient lich
 43334 | Vaults:5 | Found Mathodig's Antique Armour Shoppe.
 43349 | Vaults:5 | Got a silver rune of Zot
 43356 | Vaults:5 | Killed an ancient lich
 43630 | Vaults:5 | Noticed an ancient lich
 43642 | Vaults:5 | Killed an ancient lich
 43733 | Vaults:5 | Reached XP level 24. HP: 191/197 MP: 23/23
 43835 | Vaults:5 | Found Utadwa's Distillery.
 43844 | Vaults:5 | Bought a potion of curing for 54 gold pieces
 43844 | Vaults:5 | Bought a potion of curing for 54 gold pieces
 43844 | Vaults:5 | Bought a potion of curing for 54 gold pieces
 43844 | Vaults:5 | Bought a potion of heal wounds for 90 gold pieces
 43844 | Vaults:5 | Bought a potion of resistance for 180 gold pieces
 43844 | Vaults:5 | Bought a potion of might for 72 gold pieces
 44068 | Vaults:5 | Found Juosog's Antique Armour Shoppe.
 44175 | Vaults:5 | Identified the +0 cloak of Wu Jian's Hope {rPois rF- Int+4
                  | Dex+5}
 44361 | D:13     | Bought a scroll of enchant armour for 97 gold pieces
 44361 | D:13     | Bought a scroll of enchant weapon for 97 gold pieces
 44361 | D:13     | Bought a scroll of fog for 26 gold pieces
 44504 | Elf:1    | Entered Level 1 of the Elven Halls
 44528 | Elf:1    | Found a radiant altar of Vehumet.
 44624 | Elf:1    | Reached skill level 18 in Fighting
 44698 | Elf:1    | Identified Minou's Tome of Stolen Souls and Confrontation
 45867 | Elf:2    | Found a runed translucent gate.
 45867 | Elf:2    | Found a runed translucent gate.
 45867 | Elf:2    | Found a runed translucent gate.
 46058 | Elf:2    | Acquired 792 gold pieces
 46295 | Elf:2    | Reached skill level 19 in Fighting
 46543 | Elf:2    | Bought a potion of heal wounds for 55 gold pieces
 46543 | Elf:2    | Bought a potion of mutation for 88 gold pieces
 46543 | Elf:2    | Bought a potion of might for 44 gold pieces
 46543 | Elf:2    | Bought 2 potions of curing for 66 gold pieces
 46894 | Elf:2    | Reached XP level 25. HP: 188/208 MP: 23/23
 47208 | Elf:3    | Entered Level 3 of the Elven Halls
 47254 | Elf:3    | Found a radiant altar of Vehumet.
 47424 | Elf:3    | Reached skill level 20 in Fighting
 47907 | Elf:3    | Identified Fasek's Disquisition on Glamour
 48120 | Elf:3    | Identified the +9 bardiche of Modesty {vamp, rPois Will-
                  | Str+4 SInv}
 48479 | Elf:3    | Found Seobbugg's Antique Armour Boutique.
 48487 | Elf:3    | Bought a faintly glowing plate armour for 784 gold pieces
 48487 | Elf:3    | Identified the +6 plate armour of Ulodgh Pihos {rElec rPois
                  | Str+5 Dex-3} (You bought it in a shop on level 3 of the
                  | Elven Halls)
 49243 | Slime:1  | Entered Level 1 of the Pits of Slime
 49247 | Slime:1  | Gained mutation: You sometimes lose the ability to read
                  | scrolls when taking damage. [a shining eye]
 49249 | Slime:1  | Gained mutation: Your body sometimes deteriorates upon
                  | taking damage. [a shining eye]
 49254 | Slime:1  | Gained mutation: Armour fits poorly on your strangely
                  | shaped body. [a shining eye]
 49258 | Slime:1  | Gained mutation: Your magical capacity is low. (-10% MP) [a
                  | shining eye]
 49265 | Lair:6   | HP: 10/210 [acid (16)]
 49265 | Lair:6   | Mangled by an acid blob

Illustrated notes

Levels and vault maps discovered:
D:1:      minmay_arrival_diagonal_passages, layout_basic,
          hellmonk_ecumenical_altar_run_dry, nrook_mini_vaults
D:2:      layout_basic, uniq_sigmund, uniq_terence, uniq_natasha
D:3:      cheibrodos_pilgrimage, layout_basic
D:4:      layout_basic, kennysheep_generic_room_11
D:5:      cheibrodos_fertilizer, layout_loops_ring,
          minmay_temple_entry_junction_2, uniq_edmund
D:6:      layout_loops_cross, lemuel_tele_altar, gammafunk_temple_overflow_wave,
          serial_shops, shop, nicolae_stop_n_shop_1, minmay_fractal_squares_5
D:7:      layout_loops_corners
D:8:      layout_cave_pools, tgw_trog, gammafunk_temple_overflow_elements
D:9:      layout_irregular_city, orc_0_dummy, uniq_psyche
D:10:     layout_irregular_city
D:11:     layout_basic, lair_entry_dummy, gauntlet_entry_generic,
          fedhas_altar_fruit_tree
D:12:     layout_basic, serial_shops, shop
D:13:     layout_loops_cross, david_vaults_5, gammafunk_ghost_grave,
          nicolae_sextant, uniq_snorg, uniq_sonja, uniq_maurice
D:14:     layout_loops_cross, nicolae_ru_awakened_eye, uniq_rupert, uniq_agnes
D:15:     hangedman_depths_entry_civil_slaughter, layout_rooms,
          minmay_door_square
Temple:   lightli_temple_of_artemis
Lair:1:   layout_regular_city, grunt_megastairs_2
Lair:2:   lemuel_slime, layout_cellular_growth, columned_hall_lemuel
Lair:3:   layout_small_grid, nicolae_swamp_entry_splash_gauntlet,
          nicolae_spider_entry_non_spiders, nzn_ghost_randoct
Lair:4:   layout_long_grid
Lair:5:   layout_loops_ring, patterned_corridor, infiniplex_staircase_pool_2
Lair:6:   minmay_lair_end_enchanted_forest, layout_hall_layers,
          minmay_slime_entry_pillars
Swamp:1:  nicolae_swamp_wrong_neighborhood, layout_falls_marsh,
          nicolae_swamp_well_well_well, swamp_pool5, hangedman_swamp_ravenous,
          uniq_louise
Swamp:2:  layout_falls_marsh, evilmike_swamp_ruin_house_1, swamp_pool5
Swamp:3:  layout_basic_swamp, nicolae_swamp_triple_paths, swamp_pool5
Swamp:4:  swamp_old_school, layout_basic_swamp, swamp_pool2
Spider:1: layout_spider_delve, nicolae_spider_rock_and_or_roll
Spider:2: layout_spider_delve
Spider:3: layout_spider_delve, gammafunk_ghost_split, drop_trap
Spider:4: grunt_spider_rune_circles
Slime:1:  layout_caves
Orc:1:    layout_caves, ebering_ghost_xom, basic_altar
Orc:2:    grunt_orc_cross, layout_diamond_mine, uniq_josephine
Elf:1:    eino_elf_arrival_altar, layout_loops_cross, hangedman_corner_corridor,
          grunt_ministairs_14
Elf:2:    layout_geoelf_octagon, special_room [special_room_mythical_zoo],
          kilobyte_rumbling_trees
Elf:3:    minmay_elf_hall_furrowed, layout_onion_city, basic_altar,
          serial_shops, shop, st_stairs_3, palyth_stone_intersect,
          grunt_megastairs_5
Vaults:1: vaults_dpeg_spiral, nicolae_vaults_network_s, hangedman_vaults_trim,
          nicolae_vaults_windows_and_doors_thing,
          nicolae_vaults_little_squares_1, nicolae_vaults_little_ls,
          vaults_standard_mumra_enter_the_diamond, ontoclasm_vaults_fault,
          vaults_dpeg_ring, ontoclasm_vaults_loading_screen,
          ontoclasm_vaults_loading_screen, ontoclasm_vaults_decontamination,
          layout_vaults_chaotic_city
Vaults:2: dpeg_vaults_monster_row, hangedman_vaults_restitches, v_misc_10,
          minmay_crypt_entry_simple_box, vaults_mumra_chevron_long, v_misc_15,
          serial_ice_m, dpeg_vaults_monster_box, ontoclasm_vaults_pinch,
          v_alt_pattern_6, grunt_vaults_twisty, nicolae_vaults_angled_halls,
          nicolae_vaults_circle_grid_b, layout_vaults_omnibox, mu_enter_wizlab_3
Vaults:3: vaults_mumra_minichess_inversion, hangedman_vaults_corner_blocks,
          nicolae_vaults_bisected_slash, nicolae_vaults_network_square,
          nicolae_vaults_angled_halls, vaults_mumra_hex, v_alt_pattern_5,
          v_misc_12, hangedman_vaults_trim, ontoclasm_vaults_idyll,
          layout_vaults_quadrants, portal_desolation_entry_garden
Vaults:4: vaults_dpeg_doors, ontoclasm_vaults_ring_large,
          ontoclasm_vaults_claustrophobia, nicolae_vaults_little_squares_4,
          hangedman_vaults_impose, vaults_room_grid,
          nicolae_vaults_three_branches, nicolae_vaults_network_barrier,
          nicolae_vaults_theta, layout_vaults_maze_bifur, serial_shops, shop
Vaults:5

Skill      XL: |  1  2  3  4  5  6  7  8  9 10 11 12 13 14 15 16 17 18 19 20 21 22 23 24 25 |
---------------+----------------------------------------------------------------------------+-----
Polearms       | 3 4 5 6 7 9 11 13 14 | 14.1
Fighting       | 4 5 10 14 15 17 19 20 | 20.0
Throwing       | 2 3 5 6 8 10 11 13 15 17 18 19 | 19.9
Shields        | 7 10 12 13 15 | 15.0
Armour         | 8 10 11 12 | 12.8
Dodging        | 5 7 9 10 | 10.0
Short Blades   | 3 6 8 9 11 12 14 15 | 15.0
Evocations     | 4 8 11 12 15 | 15.0

Action                   |  1- 3 |  4- 6 |  7- 9 | 10-12 | 13-15 | 16-18 | 19-21 | 22-24 | 25-27 || total
-------------------------+-------+-------+-------+-------+-------+-------+-------+-------+-------++-------
Melee: Trident           |    60 |   139 |   191 |       |       |       |       |       |       ||   390
       Demon trident     |       |       |   110 |   649 |   683 |   728 |   356 |   499 |     7 ||  3032
       Quick blade       |       |       |       |       |   550 |  1045 |  1778 |  1886 |   307 ||  5566
       Bardiche          |       |       |       |       |       |       |       |       |    62 ||    62
Throw: Dart              |       |       |    38 |    45 |       |    10 |       |       |       ||    93
       Boomerang         |       |       |     8 |    22 |    22 |    32 |    13 |     3 |    14 ||   114
       Javelin           |       |       |       |       |       |       |     3 |       |       ||     3
Invok: Call Merchant     |       |       |     1 |       |     4 |     2 |       |     2 |       ||     9
       Bribe Branch      |       |       |       |       |       |       |       |     1 |       ||     1
 Abil: Dig               |       |     2 |    10 |     6 |     4 |     7 |     2 |     2 |     1 ||    34
Evoke: Wand              |       |     1 |       |       |       |     3 |       |       |       ||     4
       Phantom mirror    |       |       |       |       |     1 |     1 |       |     1 |       ||     3
       Condenser vane    |       |       |       |       |       |     2 |     1 |     1 |     1 ||     5
  Use: Scroll            |     4 |     9 |     7 |    12 |     2 |     5 |     2 |     2 |     2 ||    45
       Potion            |       |     1 |     2 |     6 |       |     4 |     7 |     3 |     3 ||    26
 Stab: Invisible         |       |     3 |       |     1 |       |       |       |       |       ||     4
       Distracted        |       |       |     1 |       |     2 |     9 |     6 |    19 |     3 ||    40
       Sleeping          |       |       |       |     1 |       |       |       |       |       ||     1
       Confused          |       |       |       |       |       |     2 |     5 |       |       ||     7
Armor: Scale mail        |    24 |    44 |   117 |       |       |       |       |       |       ||   185
       Chain mail        |       |       |    17 |   240 |   364 |   519 |   723 |   136 |       ||  1999
       Plate armour      |       |       |       |       |       |       |       |   286 |   154 ||   440
Dodge: Dodged            |    23 |    31 |    90 |   117 |   240 |   391 |   546 |   373 |   124 ||  1935
Block: Kite shield       |    29 |    43 |   138 |   203 |   553 |   785 |  1063 |   743 |   245 ||  3802

Table legend: (Time is in decaauts)
 A = Elapsed time spent in this place.
 B = Non-inter-level travel time spent in this place.
 C = Inter-level travel time spent in this place.
 D = Time resting spent in this place.
 E = Time spent auto-exploring this place.
 F = Levels seen in this place.
 G = Mean time per level.
                   A        B        C        D        E       F      G
               +--------+--------+--------+--------+--------+-----+--------+
         Total |  45006 |  41213 |   3793 |   2516 |  29059 |  44 | 1022.9 |
       Dungeon |  15175 |  13705 |   1470 |   1478 |   9834 |  15 | 1011.7 |
        Temple |    130 |    111 |     19 |      0 |     96 |   1 |  130.0 |
          Lair |   6599 |   5571 |   1028 |     39 |   4556 |   6 | 1099.8 |
         Swamp |   4131 |   3954 |    177 |    319 |   2686 |   4 | 1032.8 |
   Spider Nest |   3404 |   3221 |    183 |      0 |   2400 |   4 |  851.0 |
    Slime Pits |     23 |     23 |      0 |      0 |      0 |   1 |   23.0 |
  Orcish Mines |   1710 |   1612 |     98 |      1 |   1012 |   2 |  855.0 |
   Elven Halls |   3703 |   3456 |    247 |     61 |   2374 |   3 | 1234.3 |
        Vaults |   7121 |   6553 |    568 |    288 |   4600 |   5 | 1424.2 |
        Wizlab |   1436 |   1436 |      0 |    251 |    687 |   1 | 1436.0 |
    Desolation |   1109 |   1109 |      0 |      0 |    711 |   1 | 1109.0 |
      Gauntlet |    460 |    460 |      0 |     78 |    103 |   1 |  460.0 |
               +--------+--------+--------+--------+--------+-----+--------+

Top non-repeatable levels by time:
     D:5: 2056 daAuts
Vaults:1: 1680 daAuts
Vaults:5: 1642 daAuts
  Lair:3: 1636 daAuts
   Elf:3: 1601 daAuts
Vaults:3: 1582 daAuts
     D:4: 1551 daAuts
     D:2: 1521 daAuts
  WizLab: 1436 daAuts
 Swamp:4: 1300 daAuts
Vaults:2: 1244 daAuts
   Elf:2: 1181 daAuts
  Lair:2: 1160 daAuts
 Swamp:1: 1145 daAuts
   Orc:2: 1127 daAuts
